 Dungeon Crawl Stone Soup version 0.22-a0-247-gbddf880 (webtiles) character file.

13328 Amnesiac the Thrower (level 12, -8/133 HPs)
             Began as an Ogre Fighter on Feb 24, 2018.
             Was a High Priest of Okawaru.
             Mangled by a freezing wraith (21 damage)
             ... led by a death knight
             ... on level 10 of the Dungeon.
             The game lasted 00:33:30 (15127 turns).

Amnesiac the Thrower (Ogre Fighter)                Turns: 15127, Time: 00:33:31

Health: -8/133     AC:  4    Str: 32    XL:     12   Next: 4%
Magic:  18/18      EV: 17    Int:  9    God:    Okawaru [*****.]
Gold:   376        SH: 11    Dex: 13    Spells: 6/11 levels left

rFire    + + +     SeeInvis .   a - +2 hunting sling (velocity)
rCold    . . .     Gourm    .   c - +1 shield
rNeg     . . .     Faith    .   M - +1 robe of Pessimism {-Tele rElec rF+++ Stlth+}
rPois    .         Spirit   .   (helmet restricted)
rElec    +         Reflect  .   (no cloak)
rCorr    .         Harm     .   (gloves unavailable)
MR       +....     NoTele   +   (boots unavailable)
Stlth    +++.......             (no amulet)
HPRegen  0.32/turn              o - +5 ring of strength
MPRegen  0.16/turn              p - +4 ring of evasion

@: agile, slowed, studying 2 skills, very slow
A: large, unfitting armour, tough skin 1
a: Heroism, Finesse, Renounce Religion


You were on level 10 of the Dungeon.
You worshipped Okawaru.
Okawaru was extremely pleased with you.
You were not hungry.

You visited 2 branches of the dungeon, and saw 12 of its levels.
You also visited: Labyrinth and Ossuary.

You collected 604 gold pieces.
You spent 228 gold pieces at shops.

Inventory:

Hand Weapons
 a - a +2 hunting sling of velocity (weapon)
 b - a +0 dagger of electrocution
 q - a +0 dagger of venom
 w - a +1 blowgun
Missiles
 g - 2 throwing nets
 h - 265 stones
 C - 8 poisoned needles
 D - 3 tomahawks
 H - 7 sling bullets (quivered)
 P - 11 javelins
Armour
 c - a +1 shield (worn)
 M - the +1 robe of Pessimism (worn) {-Tele rElec rF+++ Stlth+}
   (You bought it in a shop on level 6 of the Dungeon)

   It renders you almost immune to fire.
   It insulates you from electricity.
   It prevents most forms of teleportation.
   It makes you more stealthy.
Jewellery
 k - an uncursed amulet of rage
 o - a +5 ring of strength (left hand)
 p - a +4 ring of evasion (right hand)
 t - an uncursed ring of positive energy
 F - an uncursed ring of resist corrosion
 N - an uncursed ring of protection from magic
 R - an uncursed ring of wizardry
Wands
 j - a wand of iceblast (4)
 y - a wand of clouds (1)
 E - a wand of enslavement (22)
 I - a wand of polymorph (29)
Scrolls
 n - 4 scrolls of teleportation {!r}
 s - 5 scrolls of enchant weapon {!r}
 u - 5 scrolls of amnesia {!r}
 v - 3 scrolls of fog {!r}
 A - 2 scrolls of enchant armour {!r}
 K - 2 scrolls of identify {!r}
 L - 2 scrolls of fear {!r}
 O - a scroll of magic mapping {!r}
Potions
 d - 3 potions of might {!q}
 e - 6 potions of curing {!q}
 m - a potion of agility {!q}
 x - 2 potions of cancellation {!q}
 z - 5 potions of flight {!q}
 G - 2 potions of mutation {!q}
 Q - 2 potions of magic {!q}
Books
 U - a manual of Long Blades
 V - a manual of Evocations
Comestibles
 f - 22 rations


   Skills:
 - Level 12.9 Fighting
   Level 2.0 Polearms
 - Level 14.0 Throwing
 - Level 2.6 Dodging
 + Level 2.6 Shields
 - Level 8.0 Invocations


You had 6 spell levels left.
You knew the following spells:

 Your Spells              Type           Power        Failure   Level  Hunger
a - Ozocubu's Armour      Chrm/Ice       #.......     99%         3    ####...
b - Passwall              Tmut/Erth      #.........   94%         2    ###....


Dungeon Overview and Level Annotations

Branches:
Dungeon (11/15)            Temple (1/1) D:5            Lair (0/6) D:10
    Orc: D:9-12

Altars:
Ashenzari
Dithmenos
Elyvilon
Fedhas
Gozag
Hepliaklqana
Kikubaaqudgha
Makhleb
Okawaru
Sif Muna
Uskayaw
Vehumet
Wu Jian
Yredelemnul
Zin
The Shining One

Shops:
D:5 [[*   D:6 *


Innate Abilities, Weirdness & Mutations

You are too large for most types of armour.
You have tough skin. (AC +1)


Message History

The freezing wraith hits you but does no damage.
Evoke which item? (* to show all) (? for menu, Esc to quit)
Aiming: Cloud Cone
Press: ? - help, Dir - move target cursor, f/p - freezing wraith
Aim: a freezing wraith You create a blast of noxious fumes!
The freezing wraith barely misses you. The freezing wraith hits you!
* * * LOW HITPOINT WARNING * * *
The freezing wraith drains your vigour!
You feel yourself slow down.
Evoke which item? (* to show all) (? for menu, Esc to quit)
Aiming: Cloud Cone
Press: ? - help, Dir - move target cursor, f/p - freezing wraith
Aim: a freezing wraith You create a blast of freezing vapour!
You block the freezing wraith's attack. x2
The freezing wraith hits you!
* * * LOW HITPOINT WARNING * * *
The freezing wraith freezes you!!
* * * LOW HITPOINT WARNING * * *
The freezing wraith barely misses you.
The freezing wraith completely misses you.
The freezing wraith hits you.
* * * LOW HITPOINT WARNING * * *
Okay, then.
Really quaff
m - 2 potions of agility {!q}?
You feel agile all of a sudden.
You block the freezing wraith's attack. x2
Okay, then.
Okay, then.
Unknown command.
Unknown command.
Unknown command.
Unknown command.
Really quaff
B - a potion of heal wounds {!q}?
You feel much better. You block the freezing wraith's attack.
The freezing wraith closely misses you. The freezing wraith barely misses you.
The freezing wraith hits you!
* * * LOW HITPOINT WARNING * * *
The freezing wraith drains your vigour!
You feel as though you will be slow longer.
You block the freezing wraith's attack. x2
You open the door. The freezing wraith hits you!
* * * LOW HITPOINT WARNING * * *
The freezing wraith freezes you!
* * * LOW HITPOINT WARNING * * *
The freezing wraith hits you.
* * * LOW HITPOINT WARNING * * *
The freezing wraith drains your vigour!
You feel as though you will be slow longer.
You block the freezing wraith's attack. The freezing wraith barely misses you.
There is an open door here.
Okay, then.
Evoke which item? (* to show all) (? for menu, Esc to quit)
Okay, then.
Okay, then.
Unknown command.
Unknown command.
You block the freezing wraith's attack. x2
Unknown command.
Unknown command.
The freezing wraith barely misses you. The freezing wraith closely misses you.
The freezing wraith hits you.
* * * LOW HITPOINT WARNING * * *
The freezing wraith freezes you!!
You die...

#########.#...#
#.##.#.######## .....#
#.#...# #.##.._..#
....+## #.#...#
#.####.#.# §.....#
#.....# #.##.....######
≈≈....#######.##
#.####.####....
≈≈....'..÷# #..#
#.#.##..###.)..
≈≈.§..###.# #..##
#.#.###........ .§≈...#
#.###...###.#.#######....
≈.§...#
#.#..[..@W..#.......#####
≈§§...#
#.#.#.#..##.#######.#....
§...### #...#[....#.#
#.#.### #####
#########..#.# #.#....
#..........#'#### #.#..##
#.########......# #?#..#
#.# #......####.#..# #.#
##.......##.#..# #.#
#.>.....##.#..##


You could see a freezing wraith.

Vanquished Creatures
  A minotaur (Lab)
  5 two-headed ogres
  The ghost of Tovarisch the Thaumaturge, a novice DEFE of Vehumet (D:6)
  A phantasmal warrior (D:10)
  A gargoyle (D:10)
  A troll (D:10)
  A hippogriff (D:10)
  A vampire (D:10)
  2 wraiths
  2 wyverns
  9 yaks
  A steam dragon (D:5)
  A hungry ghost (D:9)
  3 water moccasins
  2 hell hounds (D:10)
  A soldier ant (D:9)
  Purgy (D:4)
  An orc warrior (D:9)
  2 ice beasts
  2 phantoms
  4 black bears
  A necrophage (D:7)
  6 sky beasts
  5 ogres
  5 centaurs
  4 bullfrogs
  A big kobold (D:7)
  A water moccasin zombie (D:8)
  4 scorpions
  6 killer bees (D:10)
  2 howler monkeys
  4 crimson imps
  The ghost of matakusis the Magician, a weakling DEWz (D:3)
  2 quasits
  5 orc priests
  A hound (D:4)
  4 jellies
  2 orc wizards
  A gnoll shaman (D:4)
  Jessica (D:2)
  5 iguanas
  18 worker ants
  A hound skeleton (D:5)
  2 hound zombies (D:6)
  A mummy (Ossuary)
  2 howler monkey zombies
  5 gnolls
  A howler monkey skeleton (D:8)
  11 adders
  2 shadow imps
  5 oozes
  3 adder skeletons
  2 dart slugs
  5 leopard geckos
  25 orcs
  A ball python (D:6)
  4 giant cockroaches
  6 goblins
  8 hobgoblins
  5 jackals
  12 kobolds
  8 quokkas
  10 bats
  A frilled lizard (D:3)
  A giant cockroach zombie (D:5)
  5 gnoll skeletons (Ossuary)
  2 jackal skeletons
  6 kobold skeletons (Ossuary)
  A leopard gecko skeleton (D:6)
  14 orc skeletons (Ossuary)
  A quokka skeleton (D:6)
  8 rats
280 creatures vanquished.

Vanquished Creatures (others)
  A quokka (D:8)
1 creature vanquished.

Grand Total: 281 creatures vanquished

Notes
Turn   | Place    | Note
-------+----------+-------------------------------------------
     0 | D:1      | Amnesiac the Ogre Fighter began the quest for the Orb.
     0 | D:1      | Reached XP level 1. HP: 24/24 MP: 1/1
    28 | D:1      | Reached skill level 1 in Throwing
   115 | D:1      | Reached XP level 2. HP: 30/32 MP: 2/2
   140 | D:1      | Reached skill level 2 in Throwing
   432 | D:2      | Reached XP level 3. HP: 6/39 MP: 3/3
   767 | D:1      | Reached skill level 3 in Throwing
  1478 | D:2      | Found an ornate altar of the Wu Jian Council.
  1480 | D:2      | Found a blossoming altar of Fedhas.
  1522 | D:2      | Noticed Jessica
  1536 | D:2      | Killed Jessica
  1536 | D:2      | Reached XP level 4. HP: 35/48 MP: 4/4
  1628 | D:2      | Reached skill level 4 in Throwing
  1851 | D:2      | Found a hide-covered altar of Uskayaw.
  1852 | D:2      | Noticed a dagger
  1853 | D:2      | Noticed a dagger
  2193 | D:2      | Reached XP level 5. HP: 40/54 MP: 5/5
  2583 | D:3      | Found a faded altar of an unknown god.
  2759 | D:3      | Noticed matakusis's ghost (weakling DEWz)
  2787 | D:3      | Killed matakusis's ghost
  2787 | D:3      | Reached skill level 5 in Throwing
  3049 | D:3      | Reached XP level 6. HP: 4/63 MP: 6/6
  3434 | D:4      | Reached skill level 6 in Throwing
  3455 | D:4      | Reached skill level 5 in Fighting
  3716 | D:4      | Reached XP level 7. HP: 65/72 MP: 7/7
  4021 | D:4      | Found a basalt altar of Yredelemnul.
  4226 | D:4      | Reached skill level 7 in Throwing
  4247 | D:4      | Noticed Purgy
  4417 | D:5      | Entered Level 5 of the Dungeon
  4659 | D:5      | Noticed a steam dragon
  4671 | D:5      | Killed a steam dragon
  4830 | D:5      | Found Reacluwn's Armour Emporium.
  4844 | D:5      | Found a staircase to the Ecumenical Temple.
  4853 | Temple   | Entered the Ecumenical Temple
  4863 | Temple   | Became a worshipper of Warmaster Okawaru
  4871 | Temple   | Reached XP level 8. HP: 32/84 MP: 8/8
  4963 | D:5      | Found a sand-covered staircase.
  4972 | Ossuary  | Entered an ossuary
  4972 | Ossuary  | Noticed a wraith
  4972 | Ossuary  | Noticed a wraith
  4972 | Ossuary  | Noticed a wraith
  5225 | Ossuary  | Noticed a wraith
  5256 | Ossuary  | Killed a wraith
  5256 | Ossuary  | Reached skill level 8 in Throwing
  5431 | D:4      | Killed Purgy
  6036 | D:5      | Found Fuyzujih's Antique Armour Emporium.
  6058 | D:5      | Found Watoxobi's General Store.
  6402 | D:5      | Reached * piety under Okawaru
  6402 | D:5      | Reached skill level 9 in Throwing
  7171 | D:6      | Found Wyceqar's Assorted Antiques.
  7189 | D:6      | Bought a sedimented dark potion for 27 gold pieces
  7189 | D:6      | Bought a scroll labeled RABLOI RAAMNALL for 30 gold pieces
  7200 | D:6      | Reached XP level 9. HP: 47/97 MP: 9/9
  7206 | D:6      | Bought a distressingly furry robe for 171 gold pieces
  7216 | D:6      | Identified the +1 robe of Pessimism {-Tele rElec rF+++ Stlth+} (You bought it in a shop on level 6 of the Dungeon)
  7253 | D:6      | Reached skill level 1 in Invocations
  7933 | D:6      | Noticed Tovarisch's ghost (novice DEFE)
  7954 | D:6      | Reached skill level 10 in Throwing
  8052 | D:6      | Reached ** piety under Okawaru
  8219 | D:6      | Killed Tovarisch's ghost
  8219 | D:6      | Reached *** piety under Okawaru
  8602 | D:7      | Reached skill level 11 in Throwing
  8602 | D:7      | Reached XP level 10. HP: 75/110 MP: 13/13
  8912 | D:7      | Reached skill level 10 in Fighting
  9506 | D:7      | Reached skill level 5 in Invocations
  9800 | D:8      | Noticed a two-headed ogre
  9824 | D:8      | Killed a two-headed ogre
  9824 | D:8      | Reached **** piety under Okawaru
  9930 | D:8      | Found a hazy altar of Hepliaklqana.
 10242 | D:8      | Found a white marble altar of Elyvilon.
 10268 | D:8      | Noticed a two-headed ogre
 10278 | D:8      | Killed a two-headed ogre
 10278 | D:8      | Reached skill level 12 in Throwing
 10676 | D:8      | Found a radiant altar of Vehumet.
 10913 | D:9      | Noticed a two-headed ogre
 10971 | D:8      | HP: 2/113 [two-headed ogre/giant spiked club (32)]
 11817 | D:7      | Killed a two-headed ogre
 11817 | D:7      | Reached ***** piety under Okawaru
 12229 | D:9      | Reached XP level 11. HP: 110/120 MP: 15/15
 12435 | D:9      | Noticed a two-headed ogre
 12443 | D:9      | Killed a two-headed ogre
 12461 | D:9      | Learned a level 2 spell: Passwall
 12465 | D:9      | Learned a level 3 spell: Ozocubu's Armour
 12628 | D:9      | Found a deep blue altar of Sif Muna.
 12714 | D:9      | Received a gift from Okawaru
 12718 | D:9      | Got a scorched great mace {god gift}
 12738 | D:9      | Reached skill level 13 in Throwing
 12784 | D:9      | Found an opulent altar of Gozag.
 12975 | D:10     | Entered Level 10 of the Dungeon
 13093 | D:10     | Found an opulent altar of Gozag.
 13580 | D:10     | Found a staircase to the Lair.
 13848 | D:10     | Noticed a two-headed ogre
 13890 | D:10     | Killed a two-headed ogre
 13890 | D:10     | Received a gift from Okawaru
 14291 | D:11     | Found a labyrinth entrance.
 14302 | Lab      | Identified a paperback manual
 14302 | Lab      | Entered a labyrinth
 14682 | Lab      | Noticed a minotaur
 14697 | Lab      | Killed a minotaur
 14924 | D:11     | Reached XP level 12. HP: 120/133 MP: 18/18
 14925 | D:11     | Noticed a death knight
 14942 | D:10     | Reached skill level 14 in Throwing
 15127 | D:10     | Mangled by a freezing wraith

Vault maps used:
D:1:      matt_arrival_grand_opening
D:2:      chequers_temple_overflow_statue_of_worship, dancing_weapons_uskayaw,
          minmay_misc_feat_plants, uniq_jessica
D:3:      chequers_ecumenical_altar_lobes
D:4:      yredelemnul_altar_generic, uniq_purgy
D:5:      minmay_temple_entry_large_hall, nicolae_ossuary_entry_monument,
          first_ration, serial_shops, shop, kennysheep_mini_moat,
          nicolae_shop_window_shopping
D:6:      kennysheep_windowed_halls, serial_shops, shop_fountains,
          grunt_ministairs_3
D:7:      minmay_misc_feat_ornament, grunt_ogre_cave
D:8:      nicolae_overflow_crystal_walls, fiery_altar_vehumet, elyvilon_altar_4,
          corexii_corridor_pit
D:9:      minmay_distorted_concentric_squares, tgw_sif, basic_altar
D:10:     minmay_lair_entry_lava, nicolae_gozag_cash_rules_everything_around_me
D:11:     cheibrodos_elevator_heist, orc_0_dummy, lab_entry_generic
Temple:   nicolae_temple_great_sept
Lab:      labyrinth_mini_lab, nicolae_lab_diamond, nicolae_lab_plus,
          nicolae_lab_arrow, lab_hedge, labyrinth_skeletal_remains,
          nicolae_lab_statue
Ossuary:  ossuary_due_mausoleum

Skill      XL: |  1  2  3  4  5  6  7  8  9 10 11 12 |
---------------+-------------------------------------+-----
Throwing       | 1 2 3 4 5 6 7 9 11 12 13 14 | 14.0
Fighting       | 5 6 8 9 11 12 | 12.9
Invocations    | 4 6 8 |  8.0
Polearms       | |  2.0
Dodging        | |  2.6
Shields        | |  2.6

Action                   |  1- 3 |  4- 6 |  7- 9 | 10-12 || total
-------------------------+-------+-------+-------+-------++-------
Melee: Trident           |    26 |       |       |       ||    26
       Dagger            |    10 |       |   255 |   124 ||   389
 Fire: Hunting sling     |    71 |   222 |   163 |   360 ||   816
Throw: Tomahawk          |       |     2 |    42 |    20 ||    64
       Throwing net      |       |       |     1 |     2 ||     3
       Stone             |       |       |       |     3 ||     3
Invok: Heroism           |       |       |       |     1 ||     1
       Finesse           |       |       |       |     1 ||     1
Evoke: Wand              |       |     2 |    10 |    14 ||    26
  Use: Scroll            |       |     3 |    12 |     7 ||    22
       Potion            |       |       |     6 |     5 ||    11
 Stab: Sleeping          |       |       |     1 |       ||     1
  Eat: Chunk             |     2 |     6 |    13 |    15 ||    36
       Ration            |       |       |     1 |     2 ||     3
Armor: Robe              |    26 |    33 |    56 |    41 ||   156
       Skin              |       |       |       |     4 ||     4
Dodge: Dodged            |    23 |    22 |    99 |   148 ||   292
Block: Shield            |    35 |    46 |   178 |   159 ||   418

Table legend:
 A = Spawn XP
 B = Non-spawn XP
 C = Spawn XP percentage of total XP
 D = Spawn monster count
 E = Non-spawn monster count
 F = Spawn count percentage of total count
 G = Total turns spent on level
                    A         B        C        D         E        F      G
               +---------+---------+-------+---------+---------+-------+---------
         Total |       0 |   19041 |   0.0 |       0 |     280 |   0.0 | 15127
               +---------+---------+-------+---------+---------+-------+---------
           D:1 |       0 |      55 |   0.0 |       0 |      26 |   0.0 |  1240
           D:2 |       0 |     112 |   0.0 |       0 |      19 |   0.0 |  1174
           D:3 |       0 |     230 |   0.0 |       0 |      22 |   0.0 |  1127
           D:4 |       0 |     686 |   0.0 |       0 |      25 |   0.0 |  1434
           D:5 |       0 |     896 |   0.0 |       0 |      21 |   0.0 |  1683
           D:6 |       0 |    2027 |   0.0 |       0 |      38 |   0.0 |  1511
           D:7 |       0 |    2400 |   0.0 |       0 |      29 |   0.0 |  1806
           D:8 |       0 |    2174 |   0.0 |       0 |      10 |   0.0 |  1669
           D:9 |       0 |    4079 |   0.0 |       0 |      36 |   0.0 |   880
          D:10 |       0 |    4658 |   0.0 |       0 |      23 |   0.0 |  1494
          D:11 |       0 |     202 |   0.0 |       0 |       1 |   0.0 |   136
        Temple |       0 |      36 |   0.0 |       0 |       2 |   0.0 |    53
           Lab |       0 |    1223 |   0.0 |       0 |       1 |   0.0 |   522
       Ossuary |       0 |     263 |   0.0 |       0 |      27 |   0.0 |   398
               +---------+---------+-------+---------+---------+-------+---------
